 Dungeon Crawl Stone Soup version 0.32-a0-928-g1cae6b7ea0 (webtiles) character file.

Game seed: 12828251287308355507

1581 kae the Changeling (level 8, -3/57 HPs)
             Began as a Demonspawn Shapeshifter on Apr 12, 2024.
             Slain by a gnoll
             ... wielding a +0 spear
             ... led by a gnoll sergeant
              (5 damage)
             ... on level 6 of the Dungeon.
             The game lasted 00:03:59 (5105 turns).

kae the Changeling (Demonspawn Shapeshifter)        Turns: 5105, Time: 00:04:00

Health: -3/57      AC:  5    Str: 20    XL:     8   Next: 60%
Magic:  8/8        EV: 16    Int: 11    God:
Gold:   256        SH:  0    Dex: 15    Spells: 7/7 levels left

rFire   . .          .
                       - Unarmed
rCold   . . .        (shield currently unavailable)
rNeg    . . .        a - melded +0 animal skin
rPois   .            h - +1 hat
rElec   .            e - +0 cloak
rCorr   .            (gloves unavailable)
SInv    .            u - +2 pair of boots
Will    .....        (no amulet)
Stlth   +            Y - +4 ring of slaying
HPRegen 0.29/turn    S - +6 ring of strength
MPRegen 0.11/turn

%: no passive effects
@: flux-form, glowing
A: glow, contaminating, spiny 1, demonic touch 3
a: Begin Untransformation


You were on level 6 of the Dungeon.
You were something dangerously unstable.
You visited 1 branch of the dungeon, and saw 6 of its levels.

You collected 256 gold pieces.


Innate Abilities, Weirdness & Mutations

You are something dangerously unstable.
You glow with magical radiation, making you easy to see and hit.
Foes you strike become dangerously contaminated with magical radiation.
You are incapable of wielding weapons or throwing items.
You are partially covered in sharp spines.
Your touch may irresistibly damage your foes and sap their willpower.


   Skills:
 + Level 2.9 Fighting
 + Level 3.1 Dodging
 + Level 5.9 Unarmed Combat
 * Level 7.4 Shapeshifting


You had 7 spell levels left.
You didn't know any spells.
Your spell library contained the following spells:

 Spells                   Type           Power      Damage    Failure   Level
 Call Imp                 Summ           0%         N/A       47%         2
 Cigotuvi's Dreadful Rot  Necr/Alch/Air  0%         N/A       47%         2
 Ensorcelled Hibernation  Hex/Ice        0%         N/A       47%         2
 Sublimation of Blood     Necr           0%         N/A       47%         2
 Passwall                 Erth           0%         N/A       71%         3
 Swiftness                Air            0%         N/A       71%         3
 Ignite Poison            Fire/Alch      0%         N/A       98%         4
 Freezing Cloud           Conj/Ice/Air   0%         6-21      100%        5
 Summon Hydra             Summ           0%         N/A       100%        7

Inventory:

Missiles
 f - 35 stones (quivered)
 n - a throwing net {=f!f}
 p - 3 boomerangs
 v - 10 poisoned darts
Armour
 a - a +0 animal skin (melded)
 e - a +0 cloak (worn)
   (You found it on level 1 of the Dungeon)
 h - a +1 hat (worn)
   (You found it on level 1 of the Dungeon)
 u - a +2 pair of boots (worn)
   (You found it on level 3 of the Dungeon)
Magical Staves
 t - a staff of earth {!a}
   (You found it on level 4 of the Dungeon)
Jewellery
 s - an amulet of reflection
   (You found it on level 4 of the Dungeon)
 P - a ring of poison resistance
   (You found it on level 3 of the Dungeon)
 S - a +6 ring of strength (right hand)
   (You found it on level 1 of the Dungeon)
 W - a ring of magical power
   (You found it on level 3 of the Dungeon)
 Y - a +4 ring of slaying (left hand)
   (You found it on level 1 of the Dungeon)
Talismans
 c - a beast talisman
 d - a flux talisman (active)
 i - a serpent talisman
   (You found it on level 1 of the Dungeon)
Wands
 l - a wand of polymorph (6)
   (You found it on level 2 of the Dungeon)
 m - a wand of digging (10)
   (You found it on level 3 of the Dungeon)
 q - a wand of flame (27)
   (You took it off Natasha on level 2 of the Dungeon)
Scrolls
 x - a scroll of poison {!r}
 y - a scroll of teleportation {@r4}
Potions
 b - a potion of berserk rage {unknown}
 g - 2 potions of might
 j - 2 potions of curing {@q1}
 k - a potion of attraction {unknown}
 o - 2 potions of magic {unknown}
 r - a potion of haste {unknown}
 w - a potion of lignification {!q}
 z - a potion of degeneration {unknown}
 A - a potion of cancellation {unknown}

Dungeon Overview and Level Annotations

Branches:
Dungeon (6/15) Zot: 26923
 Temple: D:4-7

Altars:
Kikubaaqudgha

Annotations:
D:6 Jeremiah

.# .# .# .# .#
###+###.##
#........#
#.....<..+
#.##p##### ####
..#####g#######g...#
.......gg.g.g.g....#
........g...g.#....#
####+####+##### .g.#
g.# .# #


You could see a gnoll sergeant (heavy contam, weak-willed) and 3 gnolls.


Message History

The iguana bites you but does no damage.
You hit the iguana but do no damage.
The iguana begins to glow.
The iguana is struck by your spines. The iguana misses you.
An iguana is nearby!
You hit the iguana.
The iguana glows dangerously bright.
The iguana is struck by your spines.
You kill the iguana!
No target in view!
There is a stone staircase leading up here.
Key pressed, stopping explore.
No target in view!
No target in view!
You see here a hound skeleton.
You see here an iguana skeleton.
Done exploring.
No target in view!
No target in view!
Done exploring.
Done exploring.
Done exploring.
There is a stone staircase leading down here.
You climb downwards.
Jeremiah shouts!
There is a stone staircase leading up here.
Jeremiah is nearby!
Okay, then.
Okay, then.
Aiming: Polymorph
Press: ? - help, Shift-Dir - straight line, f - Jeremiah
Aim: Jeremiah, wielding a +4 trident of draining, wearing a +1 robe and wearing an orb of guile (will become an elephant, a manticore, or an ice beast, chance to affect: 66%) Jeremiah struggles to resist.
Aiming: Polymorph
Press: ? - help, Shift-Dir - straight line, f/p - Jeremiah
Aim: Jeremiah, wielding a +4 trident of draining, wearing a +1 robe and wearing an orb of guile (will become an elephant, a manticore, or an ice beast, chance to affect: 66%) Jeremiah evaporates and reforms as an elephant!
You climb upwards.
There is a stone staircase leading down here.
Things that are here:
a +2 robe of willpower; a +0 dagger
Things that are here:
a +0 leather armour; a +1 dagger of venom; an orc skeleton You see here a +0 whip.
Things that are here:
a +0 robe; a +0 dagger; an orc skeleton
Things that are here:
a +0 short sword; an orc skeleton
There is a stone staircase leading down here.
You climb downwards.
Level annotation: Jeremiah
There is a stone staircase leading up here.
Okay, then.
A - a metallic blue potion You open the door.
A gnoll sergeant and 3 gnolls come into view.
The gnoll sergeant is wielding a +2 trident of freezing.
The gnoll sergeant shouts!
The gnoll shouts! x2; You hear a shout! x2
A gnoll comes into view. It is wielding a +0 whip.
Unknown command.
There are monsters nearby!
There are monsters nearby!
A gnoll comes into view. It is wielding a +0 spear.
The gnoll attacks as it pursues you! The gnoll is struck by your spines.
The gnoll closely misses you.
You hit the gnoll.
The gnoll begins to glow.
You hit the gnoll.
The gnoll glows dangerously bright.
The gnoll barely misses you.
The gnoll sergeant hits you from afar with a +2 trident of freezing.
The gnoll sergeant freezes you. 😕 HP[-7]
You take 7 damage, and now have 50/57 hp.
Unknown command.
You hit the gnoll.
The gnoll shudders as magic cascades through it!!
You kill the gnoll!
The gnoll sergeant attacks as it pursues you!
The gnoll sergeant barely misses you.
The gnoll sergeant hits you with a +2 trident of freezing!
The gnoll sergeant freezes you.
The gnoll hits you from afar with a +0 spear. 😮 HP[-15]
You take 15 damage, and now have 35/57 hp.
MASSIVE DAMAGE!! (PAUSE)
You hit the gnoll sergeant.
The gnoll sergeant begins to glow.
You touch the gnoll sergeant!
You sap its willpower!
The gnoll sergeant hits you with a +2 trident of freezing.
The gnoll sergeant freezes you.
* * * LOW HITPOINT WARNING * * *
The gnoll hits you from afar with a +0 spear!
* * * LOW HITPOINT WARNING * * *
😨 HP[-16]
You take 16 damage, and now have 19/57 hp.
MASSIVE DAMAGE!! (PAUSE)
You hit the gnoll sergeant.
The gnoll sergeant glows dangerously bright.
The gnoll sergeant hits you with a +2 trident of freezing!
* * * LOW HITPOINT WARNING * * *
The gnoll sergeant freezes you.
* * * LOW HITPOINT WARNING * * *
The gnoll hits you from afar with a +0 spear.
You die...

Skill      XL: |  1  2  3  4  5  6  7  8 |
---------------+-------------------------+-----
Shapeshifting  | 3 4 5 6 7 |  7.4
Unarmed Combat | 3 4 5 |  5.9
Dodging        | 2 3 |  3.1
Fighting       | 2 |  2.9

Action                     |  1- 3 |  4- 6 |  7- 9 || total
---------------------------+-------+-------+-------++-------
  Melee: Unarmed           |    87 |   134 |    98 ||   319
         Punch             |     4 |     2 |       ||     6
         Touch             |     5 |    19 |    22 ||    46
  Evoke: Wand              |       |       |     2 ||     2
    Use: Potion            |     1 |     1 |       ||     2
         Scroll            |       |     6 |     1 ||     7
 Armour: Animal skin       |    41 |    29 |       ||    70
         Skin              |     3 |    30 |    48 ||    81
  Dodge: Dodged            |    47 |   102 |    54 ||   203
   Form: Flux              |       |     2 |       ||     2
         Beast             |       |     1 |       ||     1

Levels and vault maps discovered:
D:1:      sevenhm_arrival_forest_fort_small_5, layout_loops_corners
D:2:      layout_rooms, basic_ecumenical_altar, uniq_natasha
D:3:      layout_basic, tgw_kikubaaqudgha, minmay_pentangle, uniq_robin
D:4:      layout_cave_pods, uniq_eustachio
D:5:      layout_loops_ring, solitary_fountain
D:6:      layout_gridville, elyvilon_altar_3, gammafunk_temple_overflow_pools,
          temple_green, serial_library_regret_index_multi,
          nicolae_shop_dragon_depot, chequers_serial_rivers_micro_a,
          uniq_jeremiah

Notes
Turn   | Place    | Note
-------+----------+-------------------------------------------
     0 | D:1      | kae the Demonspawn Shapeshifter began the quest for the
                  | Orb.
     0 | D:1      | Reached XP level 1. HP: 15/15 MP: 1/1
     0 | D:1      | magus.rc [v1.11.3]
   207 | D:1      | Reached skill level 3 in Shapeshifting
   214 | D:1      | HP: 3/15 [jackal (1)]
   216 | D:1      | Gained mutation: Your touch may inflict minor irresistible
                  | damage on your foes. [demonic ancestry]
   216 | D:1      | Reached XP level 2. HP: 5/21 MP: 2/2
   383 | D:1      | You fall into a shaft and drop 1 floor!
   411 | D:2      | Reached skill level 3 in Unarmed Combat
   772 | D:1      | Gained mutation: Your touch may inflict irresistible damage
                  | on your foes. [demonic ancestry]
   772 | D:1      | Reached XP level 3. HP: 23/26 MP: 3/3
  1052 | D:2      | HP: 5/26 [adder (3)]
  1175 | D:2      | Noticed Natasha
  1182 | D:2      | Killed Natasha
  1183 | D:2      | Reached XP level 4. HP: 18/32 MP: 4/4
  1302 | D:2      | You add the spells Cigotuvi's Dreadful Rot, Ignite Poison
                  | and Freezing Cloud to your library.
  1380 | D:2      | Noticed Natasha
  1384 | D:2      | Killed Natasha
  1385 | D:2      | Reached skill level 4 in Shapeshifting
  1446 | D:2      | Found a faded altar of an unknown god.
  1507 | D:2      | Noticed Natasha
  1518 | D:2      | Killed Natasha
  1574 | D:2      | Reached XP level 5. HP: 37/37 MP: 5/5
  1975 | D:3      | You pick up a book of Burglary and begin reading...
  1975 | D:3      | You add the spells Ensorcelled Hibernation, Swiftness and
                  | Passwall to your library.
  2216 | D:3      | Noticed Robin
  2228 | D:3      | Killed Robin
  2387 | D:3      | Found an ancient bone altar of Kikubaaqudgha.
  2388 | D:3      | Noticed a human
  2390 | D:3      | Killed a human
  2416 | D:3      | Reached skill level 4 in Unarmed Combat
  2767 | D:4      | Noticed a black bear
  2781 | D:4      | Killed a black bear
  2782 | D:4      | Reached skill level 5 in Shapeshifting
  2782 | D:4      | Reached XP level 6. HP: 29/43 MP: 6/6
  2898 | D:4      | Noticed Eustachio
  2932 | D:4      | HP: 8/35 [crimson imp[Eustachio] (2)]
  3054 | D:4      | Killed Eustachio
  3055 | D:4      | Gained mutation: You are partially covered in sharp spines.
                  | [demonic ancestry]
  3055 | D:4      | Reached XP level 7. HP: 36/48 MP: 7/7
  3079 | D:4      | You pick up a book of Blood and begin reading...
  3079 | D:4      | You add the spells Call Imp, Sublimation of Blood and
                  | Summon Hydra to your library.
  3210 | D:4      | Reached skill level 6 in Shapeshifting
  3217 | D:4      | Reached skill level 5 in Unarmed Combat
  3338 | D:4      | HP: 11/44 [ogre/+0 giant club (33)]
  3539 | D:4      | Reached skill level 2 in Dodging
  3550 | D:4      | Identified the +1 robe of Hiux {*Slow rElec rC+ MP+9 Int+2}
  3834 | D:5      | Entered Level 5 of the Dungeon
  4015 | D:5      | Noticed a wyvern
  4023 | D:5      | Killed a wyvern
  4024 | D:5      | Gained mutation: Your touch may irresistibly damage your
                  | foes and sap their willpower. [demonic ancestry]
  4024 | D:5      | Reached XP level 8. HP: 23/56 MP: 8/8
  4170 | D:5      | Reached skill level 2 in Fighting
  4237 | D:5      | Reached skill level 7 in Shapeshifting
  4600 | D:5      | Reached skill level 3 in Dodging
  5029 | D:6      | Noticed Jeremiah
  5031 | D:6      | Jeremiah changed into Jeremiah the elephant
  5031 | D:6      | Noticed Jeremiah
  5105 | D:6      | HP: 4/57 [gnoll sergeant/+2 trident of freezing (15)]
  5105 | D:6      | Slain by a gnoll

Vanquished Creatures
  Eustachio (D:4)
  A wyvern (D:5)
  An ice beast (D:5)
  2 black bears (D:4)
  An ogre (D:4)
  A scorpion (D:4)
  7 hounds
  2 jellies (D:5)
  An orc priest (D:5)
  Natasha (thrice) (D:2)
  5 iguanas
  2 sleepcaps
  4 orc wizards (D:5)
  Robin (D:3)
  A gnoll (D:6)
  8 adders
  2 ufetubi (D:5)
  4 dart slugs
  A ribbon worm (D:4)
  18 orcs
  5 endoplasms
  4 giant cockroaches
  15 goblins
  6 hobgoblins
  10 jackals
  8 kobolds
  3 quokkas
  7 ball pythons
  3 bats
  6 frilled lizards
  6 rats
139 creatures vanquished.

Vanquished Creatures (others)
  A human (D:3)
1 creature vanquished.

Grand Total: 140 creatures vanquished

Table legend:
 A = Non-vault XP
 B = Vault XP
 C = Vault XP percentage of total XP
 D = Non-vault monster count
 E = Vault monster count
 F = Vault count percentage of total count
                 A         B        C        D         E       F
            +---------+---------+-------+---------+---------+-------
      Total |    1937 |     322 |  14.3 |     112 |      27 |  19.4
            +---------+---------+-------+---------+---------+-------
        D:1 |      37 |       0 |   0.0 |      20 |       0 |   0.0
        D:2 |     132 |      37 |  21.9 |      26 |       1 |   3.7
        D:3 |      52 |      74 |  58.7 |      14 |      25 |  64.1
        D:4 |     750 |     211 |  22.0 |      22 |       1 |   4.3
        D:5 |     952 |       0 |   0.0 |      29 |       0 |   0.0
        D:6 |      14 |       0 |   0.0 |       1 |       0 |   0.0
            +---------+---------+-------+---------+---------+-------

Skill      XL: |  1  2  3  4  5  6  7  8 |
---------------+-------------------------+-----
Shapeshifting  | 3 4 5 6 7 |  7.4
Unarmed Combat | 3 4 5 |  5.9
Dodging        | 2 3 |  3.1
Fighting       | 2 |  2.9

Action                     |  1- 3 |  4- 6 |  7- 9 || total
---------------------------+-------+-------+-------++-------
  Melee: Unarmed           |    87 |   134 |    98 ||   319
         Punch             |     4 |     2 |       ||     6
         Touch             |     5 |    19 |    22 ||    46
  Evoke: Wand              |       |       |     2 ||     2
    Use: Potion            |     1 |     1 |       ||     2
         Scroll            |       |     6 |     1 ||     7
 Armour: Animal skin       |    41 |    29 |       ||    70
         Skin              |     3 |    30 |    48 ||    81
  Dodge: Dodged            |    47 |   102 |    54 ||   203
   Form: Flux              |       |     2 |       ||     2
         Beast             |       |     1 |       ||     1

Illustrated notes

Table legend:
 A = Kills in this place as a percentage of kills in the entire game.
 B = Kills by you in this place as a percentage of kills by you in the entire game.
 C = Kills by friends in this place as a percentage of kills by friends in the entire game.
 D = Other kills in this place as a percentage of other kills in the entire game.
 E = Experience gained in this place as a percentage of experience gained in the entire game.
 F = Experience gained in this place divided by the number of levels of this place that you have seen.
                   A       B       C       D       E      F
               +-------+-------+-------+-------+-------+----------------------
         Total | 100.0 | 100.0 |   N/A |   N/A | 100.0 | 376.5
       Dungeon | 100.0 | 100.0 |   N/A |   N/A | 100.0 | 376.5
               +-------+-------+-------+-------+-------+----------------------

Table legend: (Time is in decaauts)
 A = Elapsed time spent in this place.
 B = Non-inter-level travel time spent in this place.
 C = Inter-level travel time spent in this place.
 D = Time resting spent in this place.
 E = Time spent auto-exploring this place.
 F = Levels seen in this place.
 G = Mean time per level.
                   A        B        C        D        E       F      G
               +--------+--------+--------+--------+--------+-----+--------+
         Total |   5083 |   4916 |    167 |    523 |   3588 |   6 |  847.2 |
       Dungeon |   5083 |   4916 |    167 |    523 |   3588 |   6 |  847.2 |
               +--------+--------+--------+--------+--------+-----+--------+

Top non-repeatable levels by time:
     D:5: 1233 daAuts
     D:4: 1136 daAuts
     D:1: 992 daAuts
     D:3: 926 daAuts
     D:2: 763 daAuts
     D:6: 30 daAuts
